 Dungeon Crawl Stone Soup version 0.26-a0-812-g31a745ddcd (webtiles) character file.

Game seed: 3810425952594931638

159 Dracia the Insei (level 5, -3/40 HPs)
             Began as a Draconian Transmuter on Nov 30, 2020.
             Slain by a goblin (4 damage)
             ... on level 3 of the Dungeon.
             The game lasted 00:03:17 (2975 turns).

Dracia the Insei (Draconian Transmuter)             Turns: 2975, Time: 00:03:19

Health: -3/40      AC:  5    Str: 12    XL:     5   Next: 17%
Magic:  6/8        EV: 12    Int: 13    God:
Gold:   148        SH:  0    Dex: 13    Spells: 5/8 levels left

rFire    . . .     SeeInvis .     - Unarmed
rCold    . . .     Faith    .   (no shield)
rNeg     . . .     Spirit   .   (armour unavailable)
rPois    .         Reflect  .   (helmet restricted)
rElec    .         Harm     .   (no cloak)
rCorr    .         Rampage  .   (no gloves)
MR       .....                  (no boots)
Stlth    +.........             (no amulet)
HPRegen  0.13/turn              (no ring)
MPRegen  0.11/turn              (no ring)

@: no status effects
A: unfitting armour, cold-blooded, AC +5
a: no special abilities


You were on level 3 of the Dungeon.
You visited 1 branch of the dungeon, and saw 3 of its levels.

You collected 148 gold pieces.


Innate Abilities, Weirdness & Mutations

Your plain brown scales are hard. (AC +5)
You cannot fit into any form of body armour.
You are cold-blooded and may be slowed by cold attacks.


   Skills:
 - Level 1.1 Fighting
 - Level 1.7 Dodging
 * Level 5.1 Unarmed Combat
 - Level 2.0 Spellcasting
 + Level 3.4 Transmutations


You had 5 spell levels left.
You knew the following spells:

 Your Spells              Type           Power        Failure   Level
a - Beastly Appendage     Tmut           ##....       6%          1
b - Wereblood             Tmut           ##......     10%         2

Your spell library contained the following spells:

 Spells                   Type           Power        Failure   Level
 Spider Form              Tmut/Pois      #.........   36%         3
 Ice Form                 Ice/Tmut       #.......     77%         4
 Blade Hands              Tmut           ##........   86%         5

Inventory:

Armour
 k - a +0 helmet
Wands
 n - a wand of digging (5)
Scrolls
 b - 2 scrolls of enchant weapon {unknown}
 d - a scroll of fog {unknown}
 e - a scroll of amnesia {unknown}
 f - 2 scrolls of immolation {unknown}
 h - a scroll of remove curse {unknown}
 j - a scroll of magic mapping {unknown}
Potions
 a - a potion of attraction
 g - a potion of ambrosia {unknown}
 l - 2 potions of magic {unknown}
 m - a potion of heal wounds {unknown}

Dungeon Overview and Level Annotations

Branches:
Dungeon (3/15)

Altars:
Dithmenos
Elyvilon
Trog
Yredelemnul

Annotations:
D:3 3 runed translucent doors, Robin

# #<##..# #..
.........#..#..# #..
...............#######..
...............##.......
........................
.......##.......#..†...#
...[... #.....#.########
.....gg##..#..#.# #####
#.gggg@g.....#.# #...#
#(#####†#......# #...#
#.####.#####...#
#..............##
#.##.###..##.....
#.##.###.....††..
#.##.#...........
####.#.#..##.....
#......##.....


You could see Robin, a hobgoblin and 5 goblins.


Message History

* * * LOW HITPOINT WARNING * * *
The goblin barely misses you.
You barely miss the goblin. You claw the goblin.
You kill the goblin!
A goblin comes into view. It is wielding a +0 club.
The goblin closely misses you. The goblin hits you but does no damage.
The goblin barely misses you.
You hit the goblin but do no damage. The goblin hits you but does no damage.
A goblin comes into view. It is wielding a +0 club.
The goblin barely misses you.
You closely miss the goblin. Your kick misses the goblin. The goblin hits you.
* * * LOW HITPOINT WARNING * * *
Robin throws the goblin at you!
* * * LOW HITPOINT WARNING * * *
The goblin misses you. The goblin barely misses you.
You punch the goblin!
You kill the goblin!
The goblin barely misses you. The goblin hits you.
* * * LOW HITPOINT WARNING * * *
The goblin hits you with a +0 club.
* * * LOW HITPOINT WARNING * * *
A hobgoblin comes into view. It is wielding a +0 club.
It was a potion of cancellation.
Your magical effects are unravelling.
You feel magically purged.
Your horns disappear.
Your talons disappear.
Your primal bloodlust has ended.
The goblin hits you with a +0 club.
* * * LOW HITPOINT WARNING * * *
The goblin hits you.
You die...

Skill      XL: |  1  2  3  4 |
---------------+-------------+-----
Unarmed Combat | 4 5 |  5.1
Transmutations | 3 |  3.4
Fighting       | |  1.1
Dodging        | |  1.7
Spellcasting   | |  2.0

Action                   |  1- 3 |  4- 6 || total
-------------------------+-------+-------++-------
Melee: Unarmed           |   109 |    84 ||   193
       Tailslap          |    11 |     4 ||    15
       Headbutt          |     7 |     6 ||    13
       Kick              |     9 |    15 ||    24
       Punch             |     2 |     1 ||     3
 Cast: Beastly Appendage |    10 |     6 ||    16
       Wereblood         |     1 |     2 ||     3
  Use: Potion            |       |     4 ||     4
 Stab: Sleeping          |     1 |       ||     1
Armor: Skin              |    31 |    25 ||    56
Dodge: Dodged            |    70 |    69 ||   139

Levels and vault maps discovered:
D:1:      lightli_arrival_flooded_house, layout_loops_ring
D:2:      layout_rooms, nicolae_overflow_crystal_walls, minmay_tetromino_o2
D:3:      layout_loops_cross, bloody_trog,
          nicolae_dithmenos_through_a_glass_darkly,
          nicolae_overflow_hidden_temple, gammafunk_ghost_cemetery,
          kennysheep_cross_bottleneck, grunt_ministairs_12,
          kennysheep_minor_cross, minmay_curled_crystal, elyvilon_altar_3,
          uniq_robin, uniq_ijyb

Notes
Turn   | Place    | Note
-------+----------+-------------------------------------------
     0 | D:1      | Dracia the Draconian Transmuter began the quest for the
                  | Orb.
     0 | D:1      | Reached XP level 1. HP: 16/16 MP: 3/3
   188 | D:1      | Reached XP level 2. HP: 22/23 MP: 5/5
   192 | D:1      | Learned a level 2 spell: Wereblood
  1035 | D:2      | Reached XP level 3. HP: 17/28 MP: 4/6
  1199 | D:2      | Found a basalt altar of Yredelemnul.
  1208 | D:2      | Reached skill level 4 in Unarmed Combat
  1654 | D:3      | Reached skill level 3 in Transmutations
  1654 | D:3      | Reached XP level 4. HP: 24/35 MP: 5/7
  1974 | D:3      | HP: 3/35 [orc (4)]
  2433 | D:3      | Found a shadowy altar of Dithmenos.
  2618 | D:3      | Found a white marble altar of Elyvilon.
  2674 | D:3      | Noticed Ijyb
  2694 | D:3      | Killed Ijyb
  2694 | D:3      | Reached skill level 5 in Unarmed Combat
  2694 | D:3      | Reached XP level 5. HP: 27/40 MP: 8/8
  2818 | D:3      | Found a runed translucent gate.
  2838 | D:3      | Found a bloodstained altar of Trog.
  2885 | D:3      | Found a runed translucent gate.
  2886 | D:3      | Found a runed translucent gate.
  2961 | D:3      | Noticed Robin
  2974 | D:3      | HP: 2/40 [goblin/+0 club[Robin] (6)]
  2975 | D:3      | Slain by a goblin

Vanquished Creatures
  A centaur zombie (D:2)
  An orc priest (D:3)
  Ijyb (D:3)
  An adder (D:3)
  An ooze (D:1)
  A dart slug (D:2)
  4 orcs (D:3)
  6 bats
  A giant cockroach (D:3)
  3 hobgoblins
  5 jackals
  2 quokkas
  4 frilled lizards (D:1)
  10 goblins
  6 kobolds
  6 rats
53 creatures vanquished.

Table legend: (Time is in decaauts)
 A = Elapsed time spent in this place.
 B = Non-inter-level travel time spent in this place.
 C = Inter-level travel time spent in this place.
 D = Time resting spent in this place.
 E = Time spent auto-exploring this place.
 F = Levels seen in this place.
 G = Mean time per level.
                   A        B        C        D        E       F      G
               +--------+--------+--------+--------+--------+-----+--------+
         Total |   2958 |   2926 |     32 |      0 |   2557 |   3 |  986.0 |
       Dungeon |   2958 |   2926 |     32 |      0 |   2557 |   3 |  986.0 |
               +--------+--------+--------+--------+--------+-----+--------+

Top non-repeatable levels by time:
     D:3: 1319 daAuts
     D:1: 906 daAuts
     D:2: 732 daAuts

Table legend:
 A = Non-vault XP
 B = Vault XP
 C = Vault XP percentage of total XP
 D = Non-vault monster count
 E = Vault monster count
 F = Vault count percentage of total count
                 A         B        C        D         E       F
            +---------+---------+-------+---------+---------+-------
      Total |     179 |      49 |  21.5 |      46 |       7 |  13.2
            +---------+---------+-------+---------+---------+-------
        D:1 |      30 |       0 |   0.0 |      18 |       0 |   0.0
        D:2 |      59 |       4 |   6.3 |      10 |       2 |  16.7
        D:3 |      90 |      45 |  33.3 |      18 |       5 |  21.7
            +---------+---------+-------+---------+---------+-------
